 Dungeon Crawl Stone Soup version 0.30.1-4-g462c640d31 (webtiles) character file.

Game seed: 10835991444746867199

7449 lonewolfV2 the Protected (level 10, 0/77 HPs)
             Began as a Demonspawn Fighter on Aug 22, 2023.
             Was a Believer of Makhleb.
             Slain by a gnoll
             ... wielding a +0 flail
             ... led by a gnoll sergeant
              (11 damage)
             ... on level 10 of the Dungeon.
             The game lasted 00:17:05 (10725 turns).

lonewolfV2 the Protected (Demonspawn Fighter)      Turns: 10725, Time: 00:17:06

Health: 0/77       AC:  9    Str: 21    XL:     10   Next: 93%
Magic:  10/10      EV: 13    Int: 10    God:    Makhleb [**....]
Gold:   535        SH:  5    Dex: 12    Spells: 9/9 levels left

rFire   + . .        C - +7 Throatcutter {drain, coup de grace}
rCold   x . .        c - +0 buckler
rNeg    . . .        D - +5 robe of Night {Dark Will+ SInv}
rPois   .            (no helmet)
rElec   .            (no cloak)
rCorr   .            (no gloves)
SInv    +            (boots unavailable)
Will    ++...        (no amulet)
Stlth   ++           m - ring of fire
HPRegen 0.32/turn    t - ring of willpower
MPRegen 0.12/turn

%: no passive effects
@: hasted, very quick
A: hooves 3, thin metallic scales 1, foul stench 2
a: Renounce Religion, Minor Destruction


You were on level 10 of the Dungeon.
You worshipped Makhleb.
Makhleb was pleased with you.
You visited 2 branches of the dungeon, and saw 11 of its levels.

You collected 535 gold pieces.

Inventory:

Hand Weapons
 a - a +0 war axe
 s - a +1 hand axe of venom
 C - the +7 Throatcutter (weapon) {drain, coup de grace}
   (You found it on level 7 of the Dungeon)
Armour
 b - a +1 scale mail
 c - a +0 buckler (worn)
 D - the +5 robe of Night (worn) {Dark Will+ SInv}
   (You found it on level 9 of the Dungeon)

   Dark:      It shrouds the wearer in darkness, reducing the range at which
   they can see and be seen by others.
   SInv:      It lets you see invisible.
   Will:      It increases your willpower.
Jewellery
 m - a ring of fire (left hand)
 t - a ring of willpower (right hand)
 A - a ring of flight
Wands
 g - a wand of polymorph (6)
 i - a wand of roots (11)
 u - a wand of flame (24)
Scrolls
 f - 3 scrolls of teleportation
 j - 3 scrolls of blinking
 n - a scroll of silence
 q - a scroll of amnesia
 r - a scroll of butterflies
 w - 2 scrolls of magic mapping
 y - 2 scrolls of fear
 z - a scroll of acquirement {unknown}
 B - a scroll of fog {unknown}
 E - a scroll of enchant weapon {unknown}
 F - a scroll of identify
Potions
 d - 4 potions of might
 e - 4 potions of cancellation
 h - a potion of heal wounds
 k - 2 potions of curing
 l - 2 potions of haste
 o - a potion of magic
 p - 2 potions of attraction
 v - a potion of brilliance {unknown}
 x - 3 potions of lignification


   Skills:
 + Level 6.8 Fighting
 + Level 6.2 Long Blades
 + Level 8.2 Axes
 + Level 8.7 Armour
 + Level 4.0 Dodging
 + Level 1.2 Stealth
 + Level 5.0 Shields


You had 9 spell levels left.
You didn't know any spells.
Your spell library contained the following spells:

 Spells                   Type           Power      Damage    Failure   Level
 Apportation              Tloc           0%         N/A       41%         1
 Necrotise                Necr           0%         1d4       41%         1
 Shock                    Conj/Air       0%         1d3       41%         1
 Slow                     Hex            0%         N/A       41%         1
 Summon Small Mammal      Summ           0%         N/A       41%         1
 Ensorcelled Hibernation  Hex/Ice        0%         N/A       56%         2
 Poisonous Vapours        Pois/Air       0%         N/A       56%         2
 Confusing Touch          Hex            0%         N/A       80%         3
 Mephitic Cloud           Conj/Pois/Air  0%         N/A       80%         3
 Ozocubu's Armour         Ice            0%         N/A       80%         3
 Spider Form              Tmut/Pois      0%         N/A       80%         3
 Stone Arrow              Conj/Erth      0%         3d7       80%         3
 Vampiric Draining        Necr           0%         2d6       80%         3
 Anguish                  Hex/Necr       0%         N/A       99%         4
 Borgnjor's Vile Clutch   Necr/Erth      0%         N/A       100%        5
 Freezing Cloud           Conj/Ice/Air   0%         6-21      100%        5
 Metabolic Englaciation   Hex/Ice        0%         N/A       100%        5
 Simulacrum               Ice/Necr       0%         N/A       100%        6


Dungeon Overview and Level Annotations

Branches:
Dungeon (10/15)            Temple (1/1) D:6            Lair (0/5) D:8
    Orc (0/2) D:10

Altars:
Ashenzari
Cheibriados
Dithmenos
Fedhas
Gozag
Hepliaklqana
Kikubaaqudgha
Makhleb
Nemelex Xobeh
Okawaru
Qazlal
Ru
Sif Muna
Trog
Uskayaw
Vehumet
Wu Jian
Xom
Yredelemnul

Shops:
D:7 :


Innate Abilities, Weirdness & Mutations

You have hooves in place of feet.
You are partially covered in thin metallic scales. (AC +2)
You sometimes emit foul miasma when damaged in melee.


Message History

The gargoyle is moderately damaged.
The gargoyle hits you with a +0 mace!
* * * LOW HITPOINT WARNING * * *
You emit a cloud of foul miasma!
You block the gnoll's attack.
The gnoll sergeant hits you from afar with a +0 trident.
* * * LOW HITPOINT WARNING * * *
You feel better. The gargoyle barely misses you.
The gnoll hits you from afar with a +0 spear.
* * * LOW HITPOINT WARNING * * *
The gnoll sergeant misses you.
You feel much better.
You hit the gargoyle but do no damage.
You put the gargoyle out of its misery!
You destroy the gargoyle!
Makhleb accepts your kill.
The gnoll sergeant hits you from afar with a +0 trident!
* * * LOW HITPOINT WARNING * * *
The gnoll barely misses you.
Your Dodging skill increases to level 4!
Found a staircase to the Orcish Mines.
You block the gnoll sergeant's attack. The gnoll misses you.
You see here a +0 mace.
You hit the gnoll sergeant.
The gnoll sergeant is lightly wounded.
The gnoll sergeant hits you with a +0 trident.
* * * LOW HITPOINT WARNING * * *
You barely miss the gnoll sergeant. Your kick misses the gnoll sergeant.
The gnoll sergeant is lightly wounded.
You closely miss the gnoll. You kick the gnoll!
The gnoll is severely wounded.
The gnoll sergeant hits you with a +0 trident.
* * * LOW HITPOINT WARNING * * *
The gnoll closely misses you. You block the gnoll's attack.
You slash the gnoll!
You kill the gnoll!
Makhleb accepts your kill.
You feel better.
The gnoll sergeant hits you with a +0 trident.
* * * LOW HITPOINT WARNING * * *
The gnoll hits you with a +0 flail!
You die...

'# ... '#######...
........'. ......gg#
......@)#
.....).######
..#...)........ >
#....##.............
#....##.............
#...................
#...................
#...................
##+####.............


You could see a gnoll sergeant and a gnoll.

Vanquished Creatures
  A boulder beetle (D:9)
  Pikel (D:6)
  A gargoyle (D:10)
  A kobold demonologist (D:7)
  A komodo dragon (D:9)
  A hornet (D:8)
  5 dream sheep (D:9)
  2 shadows (D:9)
  7 yaks (D:9)
  2 steam dragons
  An acid dragon (D:9)
  A water moccasin (D:5)
  2 sky beasts (D:7)
  A black bear (D:8)
  2 orc warriors (D:8)
  An ice beast (D:6)
  A centaur (D:8)
  2 phantoms
  An ogre (D:7)
  3 lemures (D:6)
  2 kobold brigands
  4 scorpions
  3 bullfrogs
  3 killer bees (D:10)
  A howler monkey (D:5)
  2 jellies
  6 hounds
  3 orc priests
  2 gnoll boudas (D:8)
  4 iguanas
  3 sleepcaps
  7 orc wizards
  9 gnolls
  13 adders
  A river rat (D:6)
  2 shadow imps
  5 worms
  34 orcs
  6 ball pythons
  An endoplasm (D:4)
  5 giant cockroaches
  5 goblins
  5 hobgoblins
  15 kobolds
  4 quokkas
  3 bats
  A frilled lizard (D:3)
  6 rats
192 creatures vanquished.

Notes
Turn   | Place    | Note
-------+----------+-------------------------------------------
     0 | D:1      | lonewolfV2 the Demonspawn Fighter began the quest for the
                  | Orb.
     0 | D:1      | Reached XP level 1. HP: 18/18 MP: 1/1
   190 | D:1      | Gained mutation: You may rarely emit foul miasma when
                  | damaged in melee. [demonic ancestry]
   190 | D:1      | Reached XP level 2. HP: 24/24 MP: 2/2
   837 | D:2      | Got Plog's Compilation of the Turbulent Boulder
  1003 | D:2      | Gained mutation: You are partially covered in thin metallic
                  | scales. (AC +2) [demonic ancestry]
  1003 | D:2      | Reached XP level 3. HP: 25/29 MP: 3/3
  1275 | D:2      | Found a faded altar of an unknown god.
  1773 | D:3      | Found an ornate altar of the Wu Jian Council.
  2110 | D:3      | Reached XP level 4. HP: 35/35 MP: 4/4
  2461 | D:3      | Found an iron altar of Okawaru.
  2771 | D:4      | Noticed a phantom
  2792 | D:4      | Killed a phantom
  2793 | D:4      | Gained mutation: You have large cloven feet. [demonic
                  | ancestry]
  2793 | D:4      | Reached XP level 5. HP: 33/41 MP: 5/5
  3018 | D:4      | Reached XP level 6. HP: 37/47 MP: 6/6
  3161 | D:4      | Reached skill level 1 in Dodging
  3459 | D:5      | Entered Level 5 of the Dungeon
  3530 | D:5      | Reached skill level 5 in Axes
  3603 | D:5      | Reached XP level 7. HP: 53/53 MP: 7/7
  3676 | D:5      | Found a sparkling altar of Nemelex Xobeh.
  3676 | D:5      | Found an opulent altar of Gozag.
  4384 | D:5      | Found a sacrificial altar of Ru.
  4778 | D:6      | Found a staircase to the Ecumenical Temple.
  4779 | D:6      | Noticed Pikel
  4800 | D:6      | Gained mutation: You have hoof-like feet. [demonic
                  | ancestry]
  4800 | D:6      | Reached XP level 8. HP: 34/61 MP: 8/8
  4820 | D:6      | Reached skill level 5 in Armour
  4835 | D:6      | HP: 2/61 [lemure[Pikel] (6)]
  4840 | D:6      | Noticed a +0 falchion
  4840 | D:6      | Noticed a +0 short sword
  4841 | D:6      | Noticed a +0 spear
  4842 | D:6      | Noticed a +0 dagger
  4850 | D:6      | Noticed a +0 falchion
  4850 | D:6      | Noticed a +0 dagger
  4858 | D:6      | Noticed a +0 short sword
  4864 | D:6      | Noticed a +0 spear
  5102 | D:6      | Found a hide-covered altar of Uskayaw.
  5633 | D:6      | Killed Pikel
  5634 | D:6      | Reached skill level 5 in Fighting
  5902 | Temple   | Entered the Ecumenical Temple
  6187 | Temple   | Became a worshipper of Makhleb the Destroyer
  6457 | D:7      | Gained mutation: You have hooves in place of feet. [demonic
                  | ancestry]
  6457 | D:7      | Reached XP level 9. HP: 68/68 MP: 9/9
  6650 | D:7      | Noticed a kobold demonologist
  6653 | D:7      | Noticed an ice devil
  6671 | D:7      | Noticed an ice devil
  6676 | D:7      | Killed a kobold demonologist
  6958 | D:7      | Found Huec's Self-Improvement Boutique.
  7092 | D:7      | Identified the +4 quarterstaff of Contention {distort,
                  | rN++}
  7136 | D:7      | Found a blossoming altar of Fedhas.
  7186 | D:7      | Found the +7 Throatcutter {drain, coup de grace}
  7620 | D:8      | Found a staircase to the Lair.
  7625 | D:8      | Reached skill level 1 in Long Blades
  7722 | D:8      | Reached * piety under Makhleb
  8768 | D:9      | Gained mutation: You sometimes emit foul miasma when
                  | damaged in melee. [demonic ancestry]
  8768 | D:9      | Reached XP level 10. HP: 76/76 MP: 10/10
  8871 | D:9      | Found a shimmering altar of Xom.
  9067 | D:9      | Noticed a boulder beetle
  9100 | D:9      | Killed a boulder beetle
  9456 | D:9      | Reached skill level 1 in Stealth
  9810 | D:9      | Reached skill level 5 in Long Blades
  9810 | D:9      | Reached skill level 5 in Shields
  9812 | D:9      | Found the +5 robe of Night {Dark Will+ SInv}
 10048 | D:9      | Reached ** piety under Makhleb
 10611 | D:10     | Entered Level 10 of the Dungeon
 10706 | D:10     | Noticed a gargoyle
 10720 | D:10     | Killed a gargoyle
 10721 | D:10     | Found a staircase to the Orcish Mines.
 10725 | D:10     | Slain by a gnoll

Illustrated notes

Levels and vault maps discovered:
D:1:      lightli_arrival_farm, layout_loops_ring, minivault_19
D:2:      layout_basic, chequers_ecumenical_altar_grove
D:3:      layout_loops_corners, pdpol_wu_jian_five_deadly_venoms,
          nicolae_overflow_hidden_temple
D:4:      layout_cave_pods
D:5:      layout_layer_cave, grunt_temple_overflow_opulence,
          hangedman_ru_absence
D:6:      hellmonk_crumbling_castle, layout_loops_cross,
          nicolae_uskayaw_en_pointe, minmay_temple_entry_mini_moons,
          gup_sewer_entry_bubbles, uniq_pikel
D:7:      layout_basic, mainiacjoe_overflow_tiny_flanked, nicolae_shop_self_help
D:8:      layout_cave_pods, tso_altar, lair_entry_dummy, grunt_ministairs_11
D:9:      layout_stronghold, amcnicky_altar_gilded, minmay_misc_feat_tower,
          hellmonk_guarded_unrand_night
D:10:     layout_gridville, orc_0_dummy
Temple:   hellmonk_temple_forest_ring

Skill      XL: |  1  2  3  4  5  6  7  8  9 10 |
---------------+-------------------------------+-----
Shields        | 3 4 5 |  5.0
Axes           | 2 3 4 5 6 7 8 |  8.2
Armour         | 3 4 5 7 8 |  8.7
Dodging        | 1 2 3 4 |  4.0
Fighting       | 4 5 6 |  6.8
Long Blades    | 3 6 |  6.2
Stealth        | 1 |  1.2

Action                     |  1- 3 |  4- 6 |  7- 9 | 10-12 || total
---------------------------+-------+-------+-------+-------++-------
  Melee: War axe           |   111 |   128 |    31 |       ||   270
         Kick              |       |    18 |    88 |    25 ||   131
         Hand axe          |       |       |   178 |       ||   178
         Long sword        |       |       |    75 |    80 ||   155
    Use: Scroll            |     5 |     6 |     7 |     2 ||    20
         Potion            |       |       |     5 |     3 ||     8
 Armour: Scale mail        |    69 |    57 |   126 |    17 ||   269
         Robe              |       |       |       |     6 ||     6
  Dodge: Dodged            |    63 |    59 |   127 |    48 ||   297
  Block: Buckler           |    28 |    20 |    64 |    14 ||   126
